AoeStats
← hanyok master

Coastal Forest

510820095Analyzed
4v4 RM · 19h ago on Oct 2, 2026· 40m 17s· 8 players
Game mode
Random Map
Map size
Large (8 player)
Population
200
Speed
Normal
Resources
Standard
Victory
Conquest
Starting age
Dark Age
Ending age
Imperial Age
RankedLock teamsTeams togetherTeam positionsShared explorationLock speedFull tech treeHidden civsTurbo modeCheats
Victory
Defeat
🇩🇪 Cumans · Germany
1106
+16
🇷🇺 Slavs · Russia
1105
+16
🇪🇸 Mapuche · Spain
1096
+17
🇪🇸 Koreans · Spain
1094
+17
🇨🇭 Saxons · Switzerland
1339
-24
🇮🇱 Vikings · Israel
1164
-19
🇫🇷 Malay · France
1141
-18
🇮🇹 Goths · Italy
793
-5
Enrique
8:25 Loom
10:25 Feudal Age
11:19 Double-Bit Axe
11:14 Horse Collar
13:55 Wheelbarrow
13:34 Town Watch
14:25 Fletching
15:00 Padded Archer Armor
22:00 Castle Age
22:19 Crossbowman
22:59 Bodkin Arrow
25:29 Bow Saw
29:32 Hand Cart
31:07 Leather Archer Armor
35:10 Ballistics
35:19 Elite Skirmisher
Ubric21
12:06 Feudal Age
10:41 Loom
20:04 Castle Age
18:26 Double-Bit Axe
18:53 Horse Collar
20:04 Fletching
25:45 Bow Saw
38:20 Gold Mining
38:21 Stone Mining
Sega Mega Drive
1:56 Loom
11:09 Feudal Age
11:32 Horse Collar
11:39 Double-Bit Axe
18:25 Castle Age
16:23 Stone Mining
16:42 Gold Mining
19:41 Bow Saw
19:34 Town Watch
20:24 Wheelbarrow
22:32 Hand Cart
25:57 Gold Shaft Mining
26:42 Heavy Plow
26:50 Scale Barding Armor
26:55 Forging
27:58 Husbandry
28:16 Bloodlines
30:11 Chain Barding Armor
30:27 Iron Casting
33:37 Imperial Age
33:03 Light Cavalry
34:27 Elite Boyar
36:03 Plate Barding Armor
40:01 Hussar
41:46 Two-Man Saw
TONIC
9:05 Loom
11:24 Feudal Age
13:46 Double-Bit Axe
14:32 Horse Collar
21:24 Gold Mining
24:59 Castle Age
23:13 Bloodlines
24:25 Stone Mining
27:24 Scale Barding Armor
27:30 Forging
27:13 Fletching
32:10 Bodkin Arrow
32:36 Chain Barding Armor
37:01 Imperial Age
37:08 Cavalier
38:26 Plate Barding Armor
38:26 Iron Casting
39:15 Paladin
[NICE_ASS] BigMasi
7:03 Loom
11:32 Feudal Age
13:06 Double-Bit Axe
16:04 Castle Age
14:11 Fishing Lines
17:30 Bow Saw
20:37 Horse Collar
22:24 Wheelbarrow
22:34 Scale Mail Armor
24:22 Forging
24:49 Arson
26:04 Chain Mail Armor
27:36 Iron Casting
27:22 Gambesons
27:37 Squires
28:47 Gold Mining
28:47 Stone Mining
33:03 Imperial Age
31:22 Fletching
34:21 Plate Mail Armor
33:44 Capped Ram
34:57 Conscription
34:01 Shield Wall
35:03 Bodkin Arrow
34:38 Elite Varangian Guard
34:57 Clerical Recruitment
35:08 Shield Wall
37:30 Pikeman
38:11 Halberdier
hanyok master
5:07 Loom
10:52 Feudal Age
12:05 Double-Bit Axe
12:53 Horse Collar
15:39 Fletching
16:01 Town Watch
16:35 Padded Archer Armor
23:17 Castle Age
24:31 Bow Saw
24:00 Crossbowman
25:09 Bodkin Arrow
26:09 Leather Archer Armor
26:06 Heavy Plow
26:27 Gold Mining
30:08 Ballistics
31:16 Stone Mining
35:07 Imperial Age
33:11 Masonry
33:12 Fortified Wall
35:11 Arbalester
35:52 Bracer
37:11 Chemistry
ILLYRIAN A1B
0:28 Loom
13:56 Feudal Age
14:19 Double-Bit Axe
18:18 Castle Age
18:40 Bow Saw
CHFSwissMade
13:13 Feudal Age
15:21 Double-Bit Axe
16:29 Man-at-Arms
20:51 Loom
26:55 Scale Mail Armor
27:06 Forging
Connection lost

Rejoining the realm…

Still unreachable

The connection could not be restored.

Session expired

The server has moved on; the page needs a fresh start.